 Dungeon Crawl Stone Soup version 0.27-a0-819-g058290f16d (webtiles) character file.

Game seed: 6731371254770552161

205 polve the Slasher (level 5, -4/41 HPs)
             Began as a Demonspawn Abyssal Knight on Mar 29, 2021.
             Was a Follower of Lugonu.
             Killed by divine providence
             ... invoked by an orc priest
              (10 damage)
             ... on level 3 of the Dungeon.
             The game lasted 00:02:32 (3418 turns).

polve the Slasher (Demonspawn Abyssal Knight)       Turns: 3418, Time: 00:02:33

Health: -4/41      AC:  7    Str: 13    XL:     5   Next: 52%
Magic:  6/6        EV: 11    Int: 16    God:    Lugonu [*.....]
Gold:   183        SH:  0    Dex: 12    Spells: 3/4 levels left

rFire    . . .     SeeInvis .   a - +1 falchion
rCold    . . .     Faith    .   (no shield)
rNeg     . . .     Spirit   .   b - +0 leather armour
rPois    .         Reflect  .   (helmet restricted)
rElec    .         Harm     .   h - scarf {+Inv}
rCorr    .         Rampage  .   (no gloves)
Will     .....                  (no boots)
Stlth    +.........             (no amulet)
HPRegen  0.13/turn              d - +4 ring of protection
MPRegen  0.10/turn              (no ring)

@: no status effects
A: antennae 2, big brain 1
a: Renounce Religion, Evoke Invisibility, Depart the Abyss


You were on level 3 of the Dungeon.
You worshipped Lugonu.
Lugonu was aware of your devotion.
You visited 1 branch of the dungeon, and saw 3 of its levels.
You visited the Abyss 1 time.

You collected 183 gold pieces.

Inventory:

Hand Weapons
 a - a +1 falchion (weapon)
Armour
 b - a +0 leather armour (worn)
 h - a scarf of invisibility (worn)
Jewellery
 d - a +4 ring of protection (left hand)
 m - an amulet of reflection
Scrolls
 c - a scroll of noise {unknown}
 e - a scroll of fear
 i - a scroll of immolation {unknown}
 j - a scroll of identify {unknown}
 l - a scroll of magic mapping {unknown}
Potions
 f - 2 potions of lignification {unknown}
 g - 3 potions of heal wounds {unknown}
 k - 2 potions of attraction {unknown}
 n - a potion of haste {unknown}


   Skills:
 - Level 3.0 Fighting
 - Level 3.8 Long Blades
 - Level 1.7 Armour
 - Level 0.8 Dodging
 + Level 3.8 Conjurations
 - Level 2.4 Invocations


You had 3 spell levels left.
You knew the following spells:

 Your Spells              Type           Power      Damage    Failure   Level
a - Magic Dart            Conj           48%        1d5       7%          1

Your spell library contained the following spells:

 Spells                   Type           Power      Damage    Failure   Level
 Conjure Flame            Conj/Fire      6%         6-21      41%         3
 Blink                    Tloc           N/A        N/A       43%         2
 Call Imp                 Summ           0%         N/A       43%         2
 Slow                     Hex            0%         N/A       43%         2
 Mephitic Cloud           Conj/Pois/Air  4%         N/A       50%         3
 Confusing Touch          Hex            0%         N/A       67%         3
 Gell's Gravitas          Tloc           0%         N/A       67%         3
 Petrify                  Tmut/Erth      0%         N/A       97%         4
 Metabolic Englaciation   Hex/Ice        0%         N/A       100%        5
 Yara's Violent Unravell  Hex/Tmut       0%         3d3       100%        5


Dungeon Overview and Level Annotations

Branches:
Dungeon (3/15)

Altars:
Nemelex Xobeh

Shops:
D:2 ?


Innate Abilities, Weirdness & Mutations

You have a pair of antennae on your head.
You have an unusually large brain. (Int +2)


Message History

You slash the orc!
You kill the orc!
Lugonu accepts your kill.
You closely miss the kobold. The kobold hits you but does no damage.
You barely miss the kobold. The kobold hits you but does no damage.
You hit the kobold.
You kill the kobold!
Lugonu accepts your kill.
You hit the orc but do no damage.
The orc priest looks encouraged for a moment.
You closely miss the orc. The orc barely misses you.
You hit the orc.
The orc is moderately wounded.
The orc hits you with a +0 flail.
You hit the orc.
You kill the orc!
Lugonu accepts your kill.
You closely miss the orc priest. The orc priest closely misses you.
You barely miss the orc priest. The orc priest hits you with a +0 mace.
You closely miss the orc priest. The orc priest barely misses you.
You hit the orc priest but do no damage.
The orc priest barely misses you.
You riposte.
You hit the orc priest.
The orc priest is moderately wounded.
You hit the orc priest.
The orc priest is heavily wounded.
The orc priest mumbles some strange prayers to Beogh against you.
Pain shoots through your body! The orc priest closely misses you.
You hit the orc priest.
The orc priest is heavily wounded.
The orc priest looks satisfied for a moment.
You hit the orc priest.
The orc priest is almost dead.
The orc priest invokes the aid of Beogh against you.
Beogh smites you!
* * * LOW HITPOINT WARNING * * *
You barely miss the orc priest.
The orc priest is almost dead.
The orc priest calls down the wrath of Beogh upon you.
Beogh smites you!
You die...

####.##.##...#.###.......
####.##................
........##..##.##..#.# #
####..#.##.....{.)..##.# #
........##...###..o.<..#.#
####.#..##...# ##..#####.### {
#.#.......# #.......... .
####....##.#.####..###.#.#.#.#.
#.............@oo.............
#.#####..#######.#.##..#.#.#o##
#.# #..# #.#.##{#.!.##... #.#
#..# #.#.##{##.##.K# # #.# #..#
#.#.##{##....### #.#.#####..#
.#.##o# #K..#. ...........#
.#.##o####.#... ####.####.).
.#.##....#..... #.#####..#
#....o.o....


You could see an orc priest and an orc.

Vanquished Creatures
  Jessica (D:2)
  Natasha (thrice) (D:3)
  5 adders
  3 dart slugs
  4 orcs
  5 ball pythons
  3 endoplasms
  2 giant cockroaches
  2 goblins
  6 hobgoblins
  4 jackals
  4 bats
  2 frilled lizards
  4 kobolds
  2 rats
50 creatures vanquished.

Notes
Turn   | Place    | Note
-------+----------+-------------------------------------------
     0 | Abyss:1  | polve the Demonspawn Abyssal Knight began the quest for the
                  | Orb.
     0 | Abyss:1  | Reached XP level 1. HP: 18/18 MP: 2/2
    50 | Abyss:1  | Found a corrupted altar of Lugonu.
   110 | Abyss:1  | Noticed a large abomination
   135 | D:1      | Escaped the Abyss
   557 | D:1      | Gained mutation: You have an unusually large brain. (Int
                  | +2) [demonic ancestry]
   557 | D:1      | Reached XP level 2. HP: 24/24 MP: 3/3
   574 | D:1      | Reached * piety under Lugonu
   937 | D:1      | Reached XP level 3. HP: 17/29 MP: 4/4
  1133 | D:2      | Noticed Jessica
  1141 | D:2      | Killed Jessica
  1258 | D:2      | Found Wouquuh's Magic Scroll Shop.
  1332 | D:2      | Learned a level 1 spell: Magic Dart
  2066 | D:3      | Reached skill level 1 in Conjurations
  2066 | D:3      | Gained mutation: You have a pair of small antennae on your
                  | head. [demonic ancestry]
  2066 | D:3      | Reached XP level 4. HP: 26/35 MP: 5/5
  2143 | D:3      | Noticed Natasha
  2151 | D:3      | Killed Natasha
  2647 | D:3      | Gained mutation: You have a pair of antennae on your head.
                  | [demonic ancestry]
  2647 | D:3      | Reached XP level 5. HP: 38/41 MP: 1/6
  2788 | D:3      | Noticed Natasha
  2797 | D:3      | Killed Natasha
  3112 | D:3      | Found a sparkling altar of Nemelex Xobeh.
  3133 | D:3      | Noticed Natasha
  3139 | D:3      | Killed Natasha
  3418 | D:3      | Killed from afar by an orc priest

Illustrated notes

Levels and vault maps discovered:
D:1:      psy_arrival_whirlpool, layout_rooms, minmay_hexomino_u4
D:2:      layout_loops_ring, serial_shops, nicolae_shop_crystal, st_stairs_6,
          uniq_jessica
D:3:      layout_loops_ring, nemelex_diamond_rough_becter, uniq_natasha

Skill      XL: |  1  2  3  4  5 |
---------------+----------------+-----
Long Blades    | 2 3 |  3.8
Conjurations   | 1 2 3 |  3.8
Fighting       | |  3.0
Armour         | |  1.7
Dodging        | |  0.8
Invocations    | |  2.4

Action                   |  1- 3 |  4- 6 || total
-------------------------+-------+-------++-------
Melee: Falchion          |    99 |    70 ||   169
 Cast: Magic Dart        |       |    24 ||    24
Invok: Depart the Abyss  |     1 |       ||     1
  Use: Scroll            |       |     1 ||     1
Armor: Leather armour    |    22 |    33 ||    55
Dodge: Dodged            |    68 |    56 ||   124
       Rpst.: Falchion   |    16 |    21 ||    37

Table legend: (Time is in decaauts)
 A = Elapsed time spent in this place.
 B = Non-inter-level travel time spent in this place.
 C = Inter-level travel time spent in this place.
 D = Time resting spent in this place.
 E = Time spent auto-exploring this place.
 F = Levels seen in this place.
 G = Mean time per level.
                   A        B        C        D        E       F      G
               +--------+--------+--------+--------+--------+-----+--------+
         Total |   3443 |   3375 |     68 |      0 |   2920 |   4 |  860.8 |
       Dungeon |   3308 |   3240 |     68 |      0 |   2810 |   3 | 1102.7 |
         Abyss |    135 |    135 |      0 |      0 |    110 |   1 |  135.0 |
               +--------+--------+--------+--------+--------+-----+--------+

Top non-repeatable levels by time:
     D:2: 1292 daAuts
     D:3: 1008 daAuts
     D:1: 1008 daAuts
 Abyss:1: 135 daAuts
